 Dungeon Crawl Stone Soup version 0.22-a0-443-g17c3723 (webtiles) character file.

27 4thArraOfDagon the Firebug (level 2, 3/15 HPs)
             Began as a Deep Elf Fire Elementalist on June 1, 2018.
             Was a Believer of Lugonu.
             Quit the game on level 4 of the Dungeon.
             The game lasted 00:01:32 (248 turns).

4thArraOfDagon the Firebug (DEFE)                    Turns: 248, Time: 00:01:33

Health: 3/15       AC:  5    Str:  5    XL:     2   Next: 93%
Magic:  5/8        EV:  9    Int: 19    God:    Lugonu [**....]
Gold:   16         SH:  0    Dex: 15    Spells: 6/7 levels left

rFire    . . .     SeeInvis .   b - +0 mace
rCold    . . .     Gourm    .   (no shield)
rNeg     . . .     Faith    .   e - +0 ring mail
rPois    .         Spirit   .   (no helmet)
rElec    .         Reflect  .   (no cloak)
rCorr    .         Harm     .   (no gloves)
MR       .....                  (no boots)
Stlth    +.........             (no amulet)
HPRegen  0.05/turn              (no ring)
MPRegen  0.11/turn              (no ring)

@: no status effects
A: no striking features
a: Depart the Abyss, Bend Space, Renounce Religion


You were on level 4 of the Dungeon.
You worshipped Lugonu.
Lugonu was pleased with you.
You were not hungry.

You visited 2 branches of the dungeon, and saw 5 of its levels.

You collected 16 gold pieces.

Inventory:

Hand Weapons
 b - a +0 mace (weapon)
 f - a +0 dagger of speed
Armour
 a - a +0 robe
 e - a +0 ring mail (worn)
Comestibles
 c - a ration


   Skills:
 - Level 2.4 Dodging
 - Level 2.4 Stealth
 + Level 3.4 Spellcasting
 * Level 2.2 Conjurations
 * Level 3.8 Fire Magic


You had 6 spell levels left.
You knew the following spells:

 Your Spells              Type           Power        Failure   Level  Hunger
a - Flame Tongue          Conj/Fire      ##...        21%         1    None

Your spell library contained the following spells:

 Spells                   Type           Power        Failure   Level  Hunger
 Fireball                 Conj/Fire      ##........   99%         5    ######.
 Conjure Flame            Conj/Fire      ##......     52%         3    ###....
 Throw Flame              Conj/Fire      ##....       30%         2    ##.....
 Sticky Flame             Conj/Fire      ##......     90%         4    ####...
 Inner Flame              Hex/Fire       ##......     67%         3    ###....


Dungeon Overview and Level Annotations

Branches:
Dungeon (4/15)             Temple (1/1) D:4

Altars:
Ashenzari
Dithmenos
Elyvilon
Fedhas
Kikubaaqudgha
Makhleb
Nemelex Xobeh
Qazlal
Ru
Uskayaw
Wu Jian
Zin
The Shining One
Lugonu


Message History

Found a blossoming altar of Fedhas and a sacrificial altar of Ru.
Found a glowing silver altar of Zin.
Your magical contamination has completely faded away.
You see here an adder corpse.
There is a staircase back to the Dungeon here.
You aren't carrying any scrolls.
You climb upwards.
Welcome back to the Dungeon!
The orc shouts!
A jackal comes into view.
The jackal barks!
The orc barely misses you.
The orc priest invokes the aid of Beogh against you.
Beogh smites you!
Ouch! That really hurt!
* * * LOW HITPOINT WARNING * * *
The orc completely misses you. The orc hits you with a hand axe.
* * * LOW HITPOINT WARNING * * *
You hear a bark!
There is a staircase to the Ecumenical Temple, spattered with blood here.
Are you sure you want to abandon this character and quit the game? (Confirm with "yes".)

o# #.# .## #.# ..
###.# .## #
#...##..###..
#.[..........
##....(.......
#...o.<.?.....
##.$.@.........
#.....oh.....##
...........$...#
..............$#
###...b..oo.)....
......###o#..###
....... .#!.#
......# .. .#
..... o.. .


You could see an orc priest, 4 orcs and a jackal.

Vanquished Creatures
  An adder (Temple)
  2 oozes (D:1)
  A giant cockroach (D:3)
  2 goblins (D:2)
  A hobgoblin (D:3)
  A ball python (D:2)
  A kobold (D:3)
  2 rats
11 creatures vanquished.

Notes
Turn   | Place    | Note
-------+----------+-------------------------------------------
     0 | D:1      | 4thArraOfDagon the Deep Elf Fire Elementalist began the quest for the Orb.
     0 | D:1      | Reached XP level 1. HP: 10/10 MP: 6/6
    31 | D:1      | Reached XP level 2. HP: 10/15 MP: 2/8
   103 | D:2      | Found a faded altar of an unknown god.
   107 | D:2      | Became a worshipper of Lugonu the Unformed
   107 | D:2      | Reached * piety under Lugonu
   107 | D:2      | Reached ** piety under Lugonu
   191 | D:4      | Found a staircase to the Ecumenical Temple.
   197 | Temple   | Entered the Ecumenical Temple
   248 | D:4      | Quit the game

Vault maps used:
D:1:      dpeg_arrival_tiny_i
D:2:      okawaru_gym_becter, nicolae_overflow_crystal_walls,
          chequers_ecumenical_altar_twisty
D:4:      grunt_gozag_statues, amethyst_overflow_temple_binary,
          minmay_temple_entry_butterflies, uniq_pikel, uniq_grinder
Temple:   cyrus_circular_temple

Skill      XL: |  1  2 |
---------------+-------+-----
Conjurations   | 2 |  2.2
Dodging        | |  2.4
Stealth        | |  2.4
Spellcasting   | |  3.4
Fire Magic     | |  3.8

Action                   || total
-------------------------++-------
Melee: Unarmed           ||     1
       Mace              ||    10
 Cast: Flame Tongue      ||    22
  Use: Potion            ||     2
 Stab: Sleeping          ||     1
Armor: Ring mail         ||     4
       Robe              ||     1
Dodge: Dodged            ||    23

Table legend:
 A = Spawn XP
 B = Non-spawn XP
 C = Spawn XP percentage of total XP
 D = Spawn monster count
 E = Non-spawn monster count
 F = Spawn count percentage of total count
 G = Total turns spent on level
                    A         B        C        D         E        F      G
               +---------+---------+-------+---------+---------+-------+---------
         Total |       0 |      39 |   0.0 |       0 |      11 |   0.0 |   248
               +---------+---------+-------+---------+---------+-------+---------
           D:1 |       0 |      15 |   0.0 |       0 |       3 |   0.0 |    50
           D:2 |       0 |       6 |   0.0 |       0 |       4 |   0.0 |    74
           D:3 |       0 |       5 |   0.0 |       0 |       3 |   0.0 |    67
        Temple |       0 |      13 |   0.0 |       0 |       1 |   0.0 |    50
               +---------+---------+-------+---------+---------+-------+---------
